 Dungeon Crawl Stone Soup version 0.19.0 (webtiles) character file.

99916 Gingerlord the Peltast (level 15, 0/125 HPs)
             Began as a Minotaur Fighter on Nov 2, 2016.
             Was the Champion of Hepliaklqana.
             Slain by an Executioner (7 damage)
             ... on level 3 of the Abyss.
             The game lasted 01:04:40 (23263 turns).

Gingerlord the Peltast (Minotaur Fighter)          Turns: 23263, Time: 01:04:41

Health: 0/125      AC: 25    Str: 23    XL:     15   Next: 79%
Magic:  30/30      EV: 17    Int:  3    God:    Hepliaklqana [******]
Gold:   378        SH: 23    Dex: 17    Spells: 0 memorised, 14 levels left

rFire  x . .     SeeInvis +     e - +1 war axe (vamp)
rCold  + . .     Gourm    .     L - +3 chain mail of Hyin {+Fly rElec MR- SInv}
rNeg   . . .     Faith    .     c - +1 shield
rPois  +         Spirit   .     (helmet restricted)
rElec  +         Reflect  +     v - +0 cloak
rCorr  .         Harm     .     u - +1 pair of gloves {Dex+3}
MR     .....                    U - +0 pair of boots (curse)
Stlth  ..........               n - brooch of Shielding {Reflect SH+8}
                                p - +3 ring of protection
                                X - ring "Fak Muel" {rPois rF- rC+ MP+9}

@: about to teleport, studying Shields
A: retaliatory headbutt, reduced essence, horns 2, dopey 1
a: Recall Ancestor, Ancestor Identity, Transference, Idealise, Renounce
Religion, Evoke Flight


You were on level 3 of the Abyss.
You worshipped Hepliaklqana.
Hepliaklqana was exalted by your worship.
You were very hungry.

You visited 5 branches of the dungeon, and saw 25 of its levels.
You visited the Abyss 1 time.
You also visited: Sewer and Volcano.

You collected 2295 gold pieces.
You spent 1917 gold pieces at shops.

Inventory:

Hand Weapons
 e - a +1 vampiric war axe (weapon)
 F - a +0 broad axe
 J - a +1 war axe of freezing
Armour
 c - a +1 shield (worn)
 u - a +1 pair of gloves of dexterity (worn)
 v - a +0 cloak (worn)
 L - the +3 chain mail of Hyin (worn) {+Fly rElec MR- SInv}
   (You bought it in a shop on level 2 of the Orcish Mines)

   It insulates you from electricity.
   It affects your resistance to hostile enchantments.
   It lets you see invisible.
   It lets you fly.
 O - a +1 plate armour of fire resistance
 U - a cursed +0 pair of boots (worn)
Jewellery
 b - an uncursed ring of protection from fire
 n - the brooch of Shielding (around neck) {Reflect SH+8}
   (You bought it in a shop on level 2 of the Orcish Mines)

   [amulet of reflection]

   It shields you and reflects attacks.
   It affects your SH (+8).
 p - a +3 ring of protection (right hand)
 K - a +3 ring of dexterity
 X - the ring "Fak Muel" (left hand) {rPois rF- rC+ MP+9}
   (You bought it in a shop on level 2 of the Orcish Mines)

   [ring of protection from cold]

   It makes you vulnerable to fire.
   It protects you from cold.
   It protects you from poison.
   It affects your magic capacity (+9).
Wands
 a - a wand of hasting (6/9)
 A - a wand of lightning (7/15)
 D - a wand of digging (5/24)
 H - a wand of teleportation (6/9)
 M - a wand of acid (2/15)
 V - a wand of confusion (34/48)
Scrolls
 g - 3 scrolls of identify
 j - 7 scrolls of amnesia
 l - 5 scrolls of blinking
 q - 3 scrolls of enchant weapon
 r - 13 scrolls of remove curse
 y - 2 scrolls of teleportation
 C - 3 scrolls of recharging
 G - 2 scrolls of magic mapping
 I - 3 scrolls of fog
 R - a scroll of brand weapon {unknown}
 T - a scroll of vulnerability {unknown}
 Z - a scroll of silence {unknown}
Potions
 d - 2 potions of might
 h - a potion of invisibility
 i - 5 potions of resistance
 k - 4 potions of brilliance
 o - 3 potions of magic
 s - 4 potions of cure mutation
 t - 2 potions of flight
 w - 3 potions of cancellation
 x - 4 potions of agility
 z - 2 potions of lignification
 B - 4 potions of curing
 E - 2 potions of berserk rage
 Q - a potion of ambrosia {unknown}
 W - a potion of haste {unknown}
Books
 N - a manual of Shields
Comestibles
 f - 9 bread rations
 m - 6 meat rations
 P - 4 beef jerkies
 S - 8 slices of pizza


   Skills:
 + Level 14.6 Fighting
 + Level 14.4 Axes
 + Level 14.5 Armour
 + Level 13.0 Dodging
 + Level 15.2 Shields
 * Level 10.2 Invocations


You had 14 spell levels left.
You didn't know any spells.

Dungeon Overview and Level Annotations

Branches:
Dungeon (15/15)            Temple (1/1) D:5            Lair (6/6) D:9
  Swamp (1/4) Lair:3       Spider (0/4) Lair:4        Slime (0/5) Lair:5
    Orc (2/2) D:9             Elf (0/3) Orc:2        Vaults (0/5) D:13
 Depths (0/5) D:15

Altars:
Ashenzari
Cheibriados
Dithmenos
Elyvilon
Fedhas
Gozag
Hepliaklqana
Kikubaaqudgha
Makhleb
Nemelex Xobeh
Okawaru
Qazlal
Ru
Sif Muna
Trog
Uskayaw
Vehumet
Xom
Yredelemnul
Zin
The Shining One
Beogh
Jiyva

Shops:
D:4 ?   D:7 *   D:8 (   D:15 %   Orc:2 **[=(

Annotations:
Swamp:1 Frances


Innate Abilities, Weirdness & Mutations

You reflexively headbutt those who attack you in melee.
You have a pair of horns on your head.
Your life essence is reduced. (-10% HP)
You are dopey. (Int -2)


Message History

The Executioner misses you. You block the Executioner's attack.
There is an open door here.
The Executioner misses you.
The Executioner completely misses you. x2
You block the Executioner's attack. The Executioner misses you. x2
The fire dragon skeleton is engulfed in roaring flames.
The Executioner gestures at you. Pain shoots through your body!
* * * LOW HITPOINT WARNING * * *
The Executioner hits you but does no damage.
You block the Executioner's attack. x2
The fire dragon skeleton is engulfed in roaring flames.
The Executioner gestures at you. Pain shoots through your body!
* * * LOW HITPOINT WARNING * * *
You block the Executioner's attack. x2; The Executioner barely misses you.
The Executioner gestures.
The fire dragon skeleton is engulfed in roaring flames.
The Executioner misses you. You furiously retaliate!
You headbutt the Executioner! The Executioner hits you!
You die...

#### #§.. # ###
..# ##
#@###.###.
.##..#1...#....
#...≈≈z.(≈.≈...
..##..#.S.......
♣.###'#######
♣####R## #§§.#
##§### #$ #.##
## ##s


You could see an Executioner, a mana viper, an efreet and a flying skull.

Vanquished Creatures
  Rupert (D:13)
  A frost giant (shapeshifter) (D:15)
  An orc warlord (Orc:1)
  An ettin (Orc:1)
  2 dire elephants (Lair:6)
  Josephine (Lair:5)
  A fire dragon (Volcano)
  2 hydras
  A death knight (D:15)
  An anaconda (Lair:6)
  3 centaur warriors
  4 orc high priests (Orc:2)
  A tengu warrior (D:15)
  3 death yaks
  Nergalle (D:11)
  5 skeletal warriors
  A shambling mangrove (Swamp:1)
  2 unseen horrors
  8 hill giants
  A lindwurm (Volcano)
  A deep elf mage (D:14)
  5 orc knights
  4 ugly things
  2 orc sorcerers (Orc:2)
  A wolf spider (Lair:4)
  3 cyclopes
  A faun (shapeshifter) (D:14)
  Maurice (D:12)
  A black mamba (shapeshifter) (D:15)
  18 elephants
  5 black mambas
  The ghost of ddubois the Bolt Thrower, a novice DDHu (Sewer)
  An ice statue (D:11)
  A molten gargoyle (Volcano)
  The ghost of CompileTime the Thaumaturge, a novice DEWz of Vehumet (D:6)
  2 gargoyles
  2 torpor snails
  12 spiny frogs
  A centaur skeleton (D:15)
  A freezing wraith (D:13)
  A rime drake (shapeshifter) (D:15)
  A kobold demonologist (D:14)
  5 komodo dragons
  An efreet (D:13)
  A tengu conjurer (D:15)
  A yaktaur (shapeshifter) (D:15)
  A redback zombie (D:14)
  A polar bear (Lair:2)
  The ghost of Mordru the Covert, a novice VSAs (D:5)
  6 trolls
  2 bog bodies (Swamp:1)
  5 blink frogs
  7 slime creatures
  10 hippogriffs
  3 wyverns
  A shadow (D:14)
  16 humans
  9 fire bats (Volcano)
  67 yaks
  4 wraiths
  A human (shapeshifter) (D:15)
  2 basilisks
  Menkaure (D:7)
  4 hogs (D:11)
  A hill giant zombie (D:9)
  3 hungry ghosts
  A mottled dragon (D:14)
  An insubstantial wisp (Swamp:1)
  3 wargs
  A soldier ant (D:15)
  3 swamp worms (Swamp:1)
  A hell hound (shapeshifter) (D:14)
  5 water moccasins
  2 hell hounds (Volcano)
  34 orc warriors
  6 porcupines
  2 swamp drakes (Swamp:1)
  Purgy (Sewer)
  An ice beast (D:7)
  A black bear (Lair:1)
  10 ogres
  The ghost of ddubois the Bolt Thrower, an amateur DDHu (D:3)
  7 phantoms
  4 sky beasts
  A necrophage (D:9)
  2 wolves (Lair:4)
  3 boggarts (D:15)
  7 centaurs
  12 crocodiles
  3 big kobolds
  A gnoll sergeant (D:8)
  15 bullfrogs
  An elf zombie (D:14)
  A wyvern skeleton (D:12)
  2 hexers
  4 scorpions
  An electric eel (Lair:5)
  9 crimson imps
  2 bullfrog zombies (D:12)
  A howler monkey (D:9)
  2 quasits
  6 lava snakes (Volcano)
  5 hounds
  3 jellies
  Crazy Yiuf (D:7)
  23 orc priests
  2 bullfrog skeletons
  2 human skeletons (D:14)
  3 human zombies (D:14)
  26 orc wizards
  Natasha (thrice) (D:2)
  5 iguanas
  4 worker ants
  7 ogre zombies (D:9)
  2 hound zombies
  A hound skeleton (D:4)
  2 mummies (D:14)
  Robin (D:2)
  17 gnolls
  13 adders
  A river rat (D:4)
  4 shadow imps
  3 oozes
  An adder zombie (D:5)
  3 worms
  A dart slug (D:1)
  8 leopard geckos
  64 orcs
  11 giant cockroaches
  9 goblins
  8 hobgoblins
  2 jackals (D:3)
  2 quokkas
  A ball python (D:6)
  4 bats
  A frilled lizard (Lair:3)
  3 goblin skeletons (D:9)
  A goblin zombie (D:9)
  5 hobgoblin skeletons (D:9)
  A hobgoblin zombie (D:9)
  A jackal zombie (D:4)
  46 kobolds
  A kobold skeleton (D:7)
  3 kobold zombies (D:7)
  A leopard gecko skeleton (D:8)
  A leopard gecko zombie (D:6)
  3 orc skeletons
  12 orc zombies (D:9)
  A quokka skeleton (D:8)
  13 rats
  A fungus (Lair:5)
  4 plants
757 creatures vanquished.

Vanquished Creatures (collateral kills)
  2 dire elephants (Lair:6)
  A slime creature (D:15)
  2 death yaks
  A skeletal warrior (D:15)
  A swamp dragon (Swamp:1)
  An orc sorcerer (Orc:2)
  2 ugly things (D:15)
  A cyclops (Orc:2)
  An elephant (Lair:6)
  A black mamba (Lair:6)
  A torpor snail (Lair:5)
  A komodo dragon (Lair:5)
  A jumping spider (shapeshifter) (D:15)
  2 trolls
  A tyrant leech (Swamp:1)
  A blink frog (Lair:2)
  A hippogriff (D:10)
  A shadow (D:15)
  2 yaks
  A wraith (D:14)
  A hog (shapeshifter) (D:15)
  An insubstantial wisp (Swamp:1)
  A swamp worm (Swamp:1)
  2 porcupines
  An ice beast (D:5)
  An orc warrior (Orc:2)
  A sky beast (D:8)
  A wolf (Lair:4)
  An ogre (D:9)
  A boggart (D:15)
  A crocodile (Lair:3)
  An elf zombie (D:14)
  4 bullfrogs
  A scorpion (D:12)
  2 jellies
  2 iguanas
  3 orc priests
  5 orc wizards
  2 worker ants
  A killer bee zombie (D:6)
  2 mummies (D:14)
  2 gnolls (D:8)
  A shadow imp (D:12)
  9 orcs
  2 frilled lizards (D:5)
  A goblin zombie (D:7)
  An orc zombie (D:9)
  A fungus (D:7)
77 creatures vanquished.

Vanquished Creatures (others)
  2 centaurs (D:11)
  22 hexers
  An orc (Orc:2)
  6 fungi
  A plant (Lair:6)
32 creatures vanquished.

Grand Total: 866 creatures vanquished

Notes
Turn   | Place    | Note
-------+----------+-------------------------------------------
     0 | D:1      | Gingerlord the Minotaur Fighter began the quest for the Orb.
     0 | D:1      | Reached XP level 1. HP: 19/19 MP: 0/0
    82 | D:1      | Reached XP level 2. HP: 27/27 MP: 1/1
   558 | D:2      | Reached skill level 1 in Dodging
   594 | D:2      | Reached XP level 3. HP: 31/33 MP: 2/2
   725 | D:2      | Noticed Natasha
   738 | D:2      | Killed Natasha
   738 | D:2      | Reached skill level 4 in Shields
   738 | D:2      | Reached XP level 4. HP: 22/40 MP: 3/3
   915 | D:2      | Noticed Natasha
   922 | D:2      | Killed Natasha
  1048 | D:2      | Noticed Robin
  1058 | D:2      | Gained mutation: Scrolls take you a little longer to read. [potion of mutation]
  1058 | D:2      | Gained mutation: You are partially covered in iridescent scales. (AC +2) [potion of mutation]
  1058 | D:2      | Gained mutation: You are agile. (Dex +2) [potion of mutation]
  1059 | D:2      | HP: 2/41 [rat (3)]
  1077 | D:2      | Reached XP level 5. HP: 6/47 MP: 4/4
  1082 | D:2      | Killed Robin
  1328 | D:2      | Noticed Natasha
  1338 | D:2      | Killed Natasha
  1882 | D:3      | Noticed ddubois's ghost (amateur DDHu)
  1909 | D:3      | Killed ddubois's ghost
  1909 | D:3      | Reached skill level 5 in Fighting
  1909 | D:3      | Reached XP level 6. HP: 41/56 MP: 5/5
  1946 | D:3      | Reached skill level 5 in Shields
  2342 | D:3      | Reached skill level 5 in Armour
  2456 | D:4      | Found Oxisti's Magic Scroll Shoppe.
  2599 | D:4      | Found a glowing drain.
  2611 | Sewer    | Entered a sewer
  2611 | Sewer    | Noticed ddubois's ghost (novice DDHu)
  2648 | Sewer    | Killed ddubois's ghost
  2648 | Sewer    | Reached skill level 5 in Axes
  2648 | Sewer    | Reached XP level 7. HP: 57/61 MP: 6/6
  2733 | Sewer    | Noticed Purgy
  2738 | Sewer    | Killed Purgy
  3099 | D:4      | Found a sparkling altar of Nemelex Xobeh.
  3449 | D:5      | Entered Level 5 of the Dungeon
  3674 | D:5      | Found a staircase to the Ecumenical Temple.
  3688 | Temple   | Entered the Ecumenical Temple
  3931 | Temple   | Became a worshipper of Hepliaklqana the Forgotten
  3966 | D:5      | Reached skill level 6 in Shields
  3966 | D:5      | Reached XP level 8. HP: 63/63 MP: 7/7
  4019 | D:5      | Noticed Mordru's ghost (novice VSAs)
  4033 | D:5      | Killed Mordru's ghost
  4152 | D:6      | Reached skill level 5 in Dodging
  4423 | D:6      | Reached skill level 7 in Shields
  4611 | D:6      | Noticed CompileTime's ghost (novice DEWz)
  4627 | D:6      | Killed CompileTime's ghost
  4627 | D:6      | Reached XP level 9. HP: 69/71 MP: 8/8
  4767 | D:7      | Found a glowing golden altar of the Shining One.
  4787 | D:7      | Reached * piety under Hepliaklqana
  4810 | D:7      | Noticed Menkaure
  4814 | D:7      | Killed Menkaure
  5063 | D:7      | Found Godwex's Assorted Antiques.
  5419 | D:7      | Found a runed door.
  5423 | D:7      | Noticed Crazy Yiuf
  5432 | D:7      | Killed Crazy Yiuf
  5471 | D:8      | Found Romaat's Weapon Shop.
  5759 | D:8      | Reached ** piety under Hepliaklqana
  5760 | D:8      | Remembered your ancestor Johnny as a hexer
  5961 | D:8      | Reached skill level 8 in Shields
  6509 | D:9      | Found a staircase to the Orcish Mines.
  6587 | D:9      | Reached XP level 10. HP: 46/81 MP: 9/9
  6789 | D:9      | Reached *** piety under Hepliaklqana
  7114 | D:9      | Found a staircase to the Lair.
  7440 | D:10     | Entered Level 10 of the Dungeon
  7469 | D:10     | Reached skill level 9 in Shields
  7992 | D:10     | HP: 1/81 [orc priest/nerve-wracking pain (7)]
  8895 | Lair:1   | Entered Level 1 of the Lair of Beasts
  8895 | Lair:1   | Noticed a spiny frog
  8904 | Lair:1   | Killed a spiny frog
  8958 | Lair:1   | Noticed a black mamba
  8980 | Lair:1   | Killed a black mamba
  8980 | Lair:1   | Reached XP level 11. HP: 20/89 MP: 10/10
  9004 | Lair:1   | Reached skill level 10 in Fighting
  9080 | Lair:1   | Reached skill level 10 in Armour
  9391 | Lair:1   | Reached skill level 10 in Axes
  9391 | Lair:1   | Reached skill level 10 in Shields
  9523 | Lair:1   | Reached **** piety under Hepliaklqana
 10597 | Lair:2   | Reached skill level 11 in Shields
 10600 | Lair:2   | Reached XP level 12. HP: 99/99 MP: 11/11
 10808 | Lair:2   | Noticed a four-headed hydra
 10854 | Lair:3   | Found a dark tunnel.
 10859 | Volcano  | Entered a volcano
 10891 | Volcano  | Reached ***** piety under Hepliaklqana
 11126 | Volcano  | Found a bloodstained altar of Trog.
 11183 | Volcano  | Noticed a fire dragon
 11194 | Volcano  | Killed a fire dragon
 11435 | Lair:3   | Reached skill level 10 in Dodging
 11455 | Lair:3   | Found a staircase to the Swamp.
 11507 | Lair:3   | Noticed a death yak
 11508 | Lair:3   | Noticed a death yak
 11509 | Lair:3   | Noticed a death yak
 11509 | Lair:3   | Noticed a death yak
 11584 | Lair:3   | Killed a death yak
 11597 | Lair:3   | Killed a death yak
 11626 | Lair:3   | Killed a death yak
 11687 | Lair:2   | Killed a death yak
 11687 | Lair:2   | Reached skill level 12 in Shields
 11842 | Lair:3   | Noticed a four-headed hydra
 12046 | Lair:3   | Noticed an eight-headed hydra
 12096 | Lair:2   | Reached XP level 13. HP: 95/107 MP: 12/12
 12341 | Lair:4   | Found a hole to the Spider Nest.
 12984 | Lair:5   | Reached ****** piety under Hepliaklqana
 13162 | Lair:5   | Noticed Josephine
 13169 | Lair:5   | Reached skill level 1 in Invocations
 13178 | Lair:5   | Killed Josephine
 13362 | Lair:5   | Found a staircase to the Slime Pits.
 13441 | Lair:5   | Found a viscous altar of Jiyva.
 14188 | Lair:6   | Entered Level 6 of the Lair of Beasts
 14735 | Lair:6   | Lost mutation: You are agile. (Dex +2) [potion of cure mutation]
 14735 | Lair:6   | Lost mutation: Scrolls take you a little longer to read. [potion of cure mutation]
 14735 | Lair:6   | Lost mutation: You are partially covered in iridescent scales. (AC +2) [potion of cure mutation]
 15093 | Lair:6   | Reached skill level 5 in Invocations
 15115 | Lair:6   | Got an encrusted chain mail
 15126 | Lair:6   | Identified the cursed +0 chain mail "Guoqiom" {rC- Dex+6} (You found it on level 6 of the Lair of Beasts)
 15237 | Lair:6   | Noticed a dire elephant
 15237 | Lair:6   | Noticed a dire elephant
 15249 | Lair:6   | Killed a dire elephant
 15259 | Lair:6   | Killed a dire elephant
 15282 | Lair:6   | Noticed a dire elephant
 15298 | Lair:6   | Killed a dire elephant
 15298 | Lair:6   | Reached XP level 14. HP: 18/116 MP: 17/17
 15502 | Lair:6   | Reached skill level 13 in Shields
 15655 | Orc:1    | Entered Level 1 of the Orcish Mines
 15955 | Orc:1    | Found a roughly hewn altar of Beogh.
 16077 | Orc:2    | Entered Level 2 of the Orcish Mines
 16113 | Orc:2    | Found Unonti's General Store.
 16135 | Orc:2    | Bought a wand of hasting (6/9) for 600 gold pieces
 16630 | Orc:2    | Noticed an orc warlord
 16729 | Orc:1    | Killed an orc warlord
 16822 | Orc:2    | Found a staircase to the Elven Halls.
 16840 | Orc:2    | Gained mutation: You are dopey. (Int -2) [a neqoxec]
 17270 | Orc:2    | Found Bus Desm's General Store.
 17285 | Orc:2    | Found Giyrid's Antique Armour Emporium.
 17285 | Orc:2    | Found Ellae's Antique Weapon Shoppe.
 17287 | Orc:2    | Found Tobavaem's Jewellery Emporium.
 17292 | Orc:2    | Bought the brooch of Shielding {Reflect SH+8} for 448 gold pieces
 17305 | Orc:2    | Bought a broad axe for 100 gold pieces
 17306 | Orc:2    | Bought a smoking chain mail for 361 gold pieces
 17316 | Orc:2    | Identified the +3 chain mail of Hyin {+Fly rElec MR- SInv} (You bought it in a shop on level 2 of the Orcish Mines)
 17729 | D:11     | Noticed Nergalle
 17736 | D:11     | Killed Nergalle
 18092 | D:11     | Got a translucent flail
 18093 | D:11     | Identified the +4 flail of Exhibitionism {crush, Int+4} (You found it on level 11 of the Dungeon)
 18699 | D:12     | Noticed Maurice
 18710 | D:12     | Killed Maurice
 18710 | D:12     | Reached skill level 14 in Shields
 18735 | D:12     | Found a shimmering altar of Xom.
 19287 | D:13     | Found a gate to the Vaults.
 19287 | D:13     | Noticed Rupert
 19437 | D:13     | Paralysed by Rupert for 6 turns
 19450 | D:13     | Killed Rupert
 19496 | D:13     | Reached XP level 15. HP: 74/123 MP: 20/20
 19856 | D:13     | Found a shattered altar of Ashenzari.
 21159 | D:14     | Found a basalt altar of Yredelemnul.
 21443 | D:15     | Entered Level 15 of the Dungeon
 21541 | D:15     | Found Imebbioxe's Food Emporium.
 21981 | D:15     | Reached skill level 15 in Shields
 22074 | D:15     | Noticed a fire giant
 22074 | D:15     | an alligator snapping turtle changed into a fire giant
 22078 | D:15     | a fire giant changed into a dire elephant
 22081 | D:15     | Noticed a frost giant
 22081 | D:15     | a dire elephant changed into a frost giant
 22091 | D:15     | Killed a frost giant
 22097 | D:15     | Found a staircase to the Depths.
 22355 | D:15     | Reached skill level 10 in Invocations
 22840 | Orc:2    | Bought the ring "Fak Muel" {rPois rF- rC+ MP+9} for 408 gold pieces
 23010 | Swamp:1  | Entered Level 1 of the Swamp
 23229 | Swamp:1  | Noticed Frances
 23250 | Swamp:1  | Cast into level 3 of the Abyss (Frances)
 23251 | Abyss:3  | Noticed an Executioner
 23263 | Abyss:3  | Slain by an Executioner

Skill      XL: |  1  2  3  4  5  6  7  8  9 10 11 12 13 14 15 |
---------------+----------------------------------------------+-----
Fighting       | 4 5 6 7 8 9 11 12 13 14 | 14.6
Dodging        | 1 2 3 4 5 6 8 9 10 11 12 13 | 13.0
Axes           | 3 4 5 7 8 9 10 12 13 14 | 14.4
Armour         | 4 5 7 8 9 11 12 13 14 | 14.5
Shields        | 4 5 6 7 8 9 11 12 14 15 | 15.2
Invocations    | 5 8 10 | 10.2

Action                   |  1- 3 |  4- 6 |  7- 9 | 10-12 | 13-15 || total
-------------------------+-------+-------+-------+-------+-------++-------
Melee: War axe           |    67 |   200 |   333 |   675 |  1624 ||  2899
       Headbutt          |     8 |    33 |    74 |   190 |   561 ||   866
Invok: Ancestor Identity |       |       |     1 |       |       ||     1
       Recall Ancestor   |       |       |     1 |     1 |     4 ||     6
       Ancestor Life: He |       |       |     1 |       |       ||     1
Evoke: Wand              |       |       |       |     2 |     2 ||     4
  Use: Potion            |       |     4 |       |     6 |     4 ||    14
       Scroll            |       |       |    15 |     8 |     8 ||    31
 Stab: Distracted        |       |       |     2 |     3 |    17 ||    22
       Confused          |       |       |       |     5 |    13 ||    18
       Invisible         |       |       |       |       |    12 ||    12
       Paralysed         |       |       |       |       |    41 ||    41
  Eat: Chunk             |       |     4 |     7 |    11 |    20 ||    42
       Pizza             |       |     1 |     1 |       |     2 ||     4
       Bread ration      |       |       |     1 |     1 |       ||     2
       Beef jerky        |       |       |       |     2 |     1 ||     3
       Royal jelly       |       |       |       |     1 |       ||     1
       Meat ration       |       |       |       |       |     3 ||     3
       Fruit             |       |       |       |       |     2 ||     2
Armor: Scale mail        |    33 |    24 |       |       |       ||    57
       Plate armour      |       |    56 |   153 |   288 |   185 ||   682
       Chain mail        |       |       |       |       |   140 ||   140
Dodge: Dodged            |    17 |    51 |    84 |   250 |   472 ||   874
Block: Shield            |    24 |   116 |   200 |   494 |  1187 ||  2021
       Reflection        |       |       |       |       |    22 ||    22
